AoeStats
← Cohcau

Arabia

504335214Analyzed
3v3 RM · 27d ago on Sep 4, 2026· 55m 31s· 6 players
Game mode
Random Map
Map size
Normal (6 player)
Population
200
Speed
Normal
Resources
Standard
Victory
Conquest
Starting age
Dark Age
Ending age
Imperial Age
RankedLock teamsTeams togetherTeam positionsShared explorationLock speedFull tech treeHidden civsTurbo modeCheats
Victory
Defeat
🇺🇸 Hindustanis · United States
789
+16
🇨🇦 Maya · Canada
734
+19
🇺🇸 Vikings · United States
731
+19
🇫🇷 Burgundians · France
917
-23
🇫🇷 Ethiopians · France
823
-19
🇫🇷 Goths · France
638
-19
Rippin Rasta
5:51 Loom
11:42 Feudal Age
14:03 Man-at-Arms
18:23 Arson
18:25 Town Watch
25:15 Scale Mail Armor
27:08 Forging
30:42 Castle Age
29:46 Horse Collar
30:31 Double-Bit Axe
31:46 Chain Mail Armor
31:08 Long Swordsman
31:52 Squires
31:22 Pikeman
32:43 Gambesons
34:07 Iron Casting
33:55 Heavy Plow
34:16 Gold Mining
34:29 Stone Mining
35:02 Bow Saw
36:26 Town Patrol
39:40 Chieftains
42:13 Imperial Age
41:03 Padded Archer Armor
42:04 Elite Skirmisher
43:18 Fletching
45:46 Elite Berserk
47:40 Plate Mail Armor
48:46 Conscription
49:35 Crop Rotation
51:08 Siege Engineers
52:55 Blast Furnace
53:29 Leather Archer Armor
53:46 Onager
55:42 Bodkin Arrow
yungleafy
10:00 Feudal Age
11:47 Double-Bit Axe
13:22 Bloodlines
15:33 Horse Collar
22:41 Castle Age
22:32 Forging
22:27 Scale Barding Armor
22:56 Pikeman
23:44 Gold Mining
24:31 Iron Casting
24:23 Squires
24:24 Stone Mining
27:28 Wheelbarrow
27:53 Chain Barding Armor
29:30 Husbandry
31:43 Gold Shaft Mining
31:07 Loom
31:34 Bow Saw
31:45 Town Watch
32:29 Ballistics
32:22 Fletching
33:07 Masonry
34:03 Grand Trunk Road
34:27 Scale Mail Armor
36:31 Chain Mail Armor
36:34 Heavy Plow
37:45 Stone Shaft Mining
38:23 Hand Cart
38:24 Arson
42:47 Imperial Age
40:55 Murder Holes
41:02 Town Patrol
43:54 Conscription
44:12 Hoardings
44:49 Two-Man Saw
45:09 Blast Furnace
44:05 Bodkin Arrow
43:56 Heavy Camel Rider
46:33 Chemistry
45:39 Siege Engineers
46:12 Plate Barding Armor
45:47 Imperial Camel Rider
47:04 Light Cavalry
47:43 Elite Ghulam
48:40 Hussar
49:46 Bracer
52:55 Padded Archer Armor
aelenon
13:37 Feudal Age
14:58 Double-Bit Axe
14:56 Horse Collar
17:36 Castle Age
32:34 Caravan
33:41 Heavy Plow
34:49 Wheelbarrow
36:32 Squires
37:36 Hand Cart
38:18 Fletching
38:32 Gold Mining
39:45 Bow Saw
39:32 Pikeman
39:36 Eagle Warrior
40:56 Town Watch
43:42 Forging
43:33 Scale Mail Armor
46:18 Imperial Age
43:52 Town Patrol
47:00 Halberdier
50:18 Two-Man Saw
49:49 Chain Mail Armor
51:17 Heavy Scorpion
53:44 Ballistics
Cohcau
10:34 Feudal Age
8:52 Loom
11:34 Double-Bit Axe
11:33 Horse Collar
17:50 Castle Age
18:30 Cavalier
19:30 Heavy Plow
19:43 Bow Saw
19:42 Scale Barding Armor
19:48 Forging
20:27 Husbandry
21:02 Cavalier
24:21 Stone Mining
24:21 Gold Mining
25:39 Crop Rotation
26:21 Man-at-Arms
27:26 Long Swordsman
30:43 Gold Shaft Mining
30:43 Stone Shaft Mining
31:10 Burgundian Vineyards
33:27 Pikeman
37:00 Imperial Age
37:05 Two-Man Saw
37:03 Squires
37:43 Iron Casting
37:08 Scale Mail Armor
37:29 Chain Barding Armor
37:06 Paladin
39:08 Conscription
38:51 Two-Handed Swordsman
41:36 Elite Coustillier
43:31 Chain Mail Armor
43:52 Plate Barding Armor
44:30 Wheelbarrow
49:14 Champion
49:15 Halberdier
Nikoleador
10:52 Feudal Age
12:13 Loom
12:40 Double-Bit Axe
16:41 Castle Age
15:48 Horse Collar
17:19 Crossbowman
19:06 Bow Saw
20:11 Padded Archer Armor
20:20 Town Watch
21:29 Wheelbarrow
22:22 Fletching
25:30 Thumb Ring
27:37 Bodkin Arrow
27:57 Leather Archer Armor
34:22 Hand Cart
38:54 Imperial Age
36:56 Town Patrol
37:05 Town Patrol
37:40 Ballistics
38:57 Arbalester
39:43 Bracer
39:56 Heated Shot
42:36 Ring Archer Armor
44:02 Conscription
46:45 Chemistry
45:42 Murder Holes
51:06 Masonry
53:41 Two-Man Saw
52:39 Gold Mining
mael.rousselin
13:39 Feudal Age
19:21 Loom
20:15 Wheelbarrow
19:55 Scale Mail Armor
20:11 Forging
23:54 Castle Age
Connection lost

Rejoining the realm…

Still unreachable

The connection could not be restored.

Session expired

The server has moved on; the page needs a fresh start.